[Event "Torneo Nuevo Centro. Jornada 11"]
[Site "Chess.com"]
[Date "2020.08.28"]
[Round "5"]
[White "Conon, Catalin"]
[Black "Casado Andreu, David"]
[Result "1-0"]
[WhiteElo "1915"]
[BlackElo "1567"]
[TimeControl "180+2"]
[EndTime "11:17:01 PDT"]
[Termination "Victoria de CatalinConon por abandono"]

1. Nf3 Nc6 2. b3 e5 3. Bb2 d6 4. e3 g6 5. d4 Bg7 6. dxe5 dxe5 7. Qxd8+ Kxd8 8. c4 Bf5 9. Nc3 Nb4 10. O-O-O+ Ke8 11. e4 Bg4 12. h3 Be6 13. Kb1 Nf6 14. Nxe5 Nd7 15. Nxd7 Bxd7 16. Nd5 Nxd5 17. exd5 Bf5+ 18.
Bd3 Bxb2 19. Kxb2 Bxd3 20. Rxd3 Kd7 21. Re1 Rae8 22. Rde3 f5 23. Rxe8 Rxe8 24. Rxe8 Kxe8 25. Kc3 Kf7 26. Kd4 Kf6 27. c5 f4 28. b4 h6 29. b5 g5 30. a4 Ke7 31. Ke5 1

[Event "Torneo Nuevo Centro. Jornada 11"]
[Site "Chess.com"]
[Date "2020.08.28"]
[Round "5"]
[White "Bendayán Claros, Aaron"]
[Black "Alvarez Usina, Jordi"]
[Result "1-0"]
[WhiteElo "1987"]
[BlackElo "1266"]
[TimeControl "180+2"]
[EndTime "11:17:21 PDT"]
[Termination "Victoria de Cuajada_Zero por abandono"]

1. d4 d5 2. e3 Bf5 3. Bd3 Bg6 4.
Nd2 e6 5. f4 Nf6 6. Ngf3 Ne4 7.
O-O Nd7 8. Ne5 Be7 9. Nxg6 hxg6 10. Nxe4 dxe4 11. Bxe4 Nf6 12. Bf3 c6 13. c4 O-O 14.
b3 Nd7 15. Bb2 Nf6 16. e4 Qc7 17. e5 Nh5 18. Bxh5 gxh5 19. Qxh5 Rfe8 20. Rf3 g6 21. Qg4 Bf8 22. Raf1 1

[Event "Torneo Nuevo Centro. Jornada 11"]
[Site "Chess.com"]
[Date "2020.08.28"]
[Round "5"]
[White "Más Ripoll, Vicente"]
[Black "Ainsa Jimenez, Lucas"]
[Result "1-0"]
[WhiteElo "1072"]
[BlackElo "1149"]
[TimeControl "180+2"]
[EndTime "11:17:33 PDT"]
[Termination "Victoria de menut por jaque mate"]

1. e4 e5 2. Nf3 Nc6 3. Bc4 Bc5 4. O-O Nf6 5. d3 O-O 6. a3 a5 7. Be3 Bxe3 8. fxe3 Ne7 9. Nxe5 d5 10. exd5 Nexd5 11. Bxd5 Nxd5 12. Qf3 Qd6 13. Nxf7 Qe6 14. Nh6+ gxh6 15.
Qxf8# 1

[Event "Torneo Nuevo Centro. Jornada 11"]
[Site "Chess.com"]
[Date "2020.08.28"]
[Round "5"]
[White "Méndez Giménez , Néstor Emmanuel"]
[Black "Donate Peris, Jose Manuel"]
[Result "0-1"]
[WhiteElo "1239"]
[BlackElo "1522"]
[TimeControl "180+2"]
[EndTime "11:18:23 PDT"]
[Termination "Victoria de cheryme por jaque mate"]

1. e3 e5 2. e4 Nf6 3. Nc3 Bb4 4. a3 Ba5 5. d3 h6 6. Bd2 c6 7.
Nf3 d6 8. g3 Bg4 9. Bg2 Nbd7 10.
O-O O-O 11. b4 Bc7 12. Be3 d5 13. exd5 cxd5 14. Nb5 d4 15. Bd2 Bb8 16. a4 a6 17. Na3 Qe7 18. c3 dxc3 19. Bxc3 Nd5 20. Bb2 Qxb4 21. Bxe5 Nxe5 22. Nxe5 Bxd1 23. Rfxd1 Bxe5 24. Bxd5 Bxa1 25. Rxa1 Qd4 26. Bg2 Qxa1+ 27. Bf1 Qxa3 28.
Kg2 Qxa4 29. h4 f5 30. Kf3 f4 31. g4 g5 32. h5 Qd1+ 33. Be2 Qh1# 0

[Event "Torneo Nuevo Centro. Jornada 11"]
[Site "Chess.com"]
[Date "2020.08.28"]
[Round "5"]
[White "del Campo Hernández, Ángel "]
[Black "Echeverria, Nestor"]
[Result "0-1"]
[WhiteElo "1122"]
[BlackElo "1961"]
[TimeControl "180+2"]
[EndTime "11:18:44 PDT"]
[Termination "Victoria de noquierotablas por abandono"]

1. e4 Nf6 2. Nc3 e5 3. Nf3 Nc6 4. Bb5 Nd4 5. Nxd4 exd4 6. Ne2 c6 7. Bc4 Bc5 8. b4 Bxb4 9. Nxd4 O-O 10. Bd3 d5 11. f3 dxe4 12. c3 exd3 13. cxb4 Qxd4 14. Rb1 Re8+ 15. Kf1 Re2 16. Qxe2 dxe2+ 17. Kxe2 Bf5 18. Rb3 Re8+ 19. Re3 Qd3+ 20. Kf2 Rxe3 21. dxe3 Qc2+ 22. Kg3 0

[Event "Torneo Nuevo Centro. Jornada 11"]
[Site "Chess.com"]
[Date "2020.08.28"]
[Round "5"]
[White "Rodriguez Rodriguez, Joan David "]
[Black "Soliva Ruiz, Ramon"]
[Result "1-0"]
[WhiteElo "1788"]
[BlackElo "1517"]
[TimeControl "180+2"]
[EndTime "11:18:49 PDT"]
[Termination "Victoria de Not_Jr_chess por abandono"]

1. d4 Nf6 2. c4 e6 3. Nc3 b6 4. e4 Bb7 5. Bd3 Bb4 6. Bg5 h6 7. Bxf6 Qxf6 8. Nf3 Nc6 9. a3 Bxc3+ 10. bxc3 Qe7 11.
O-O O-O 12. d5 Nd8 13. Re1 Qf6 14.
e5 Qf4 15. g3 Qg4 16. Re4 Qh5 17. Rh4 Qxh4 18. Nxh4 exd5 19. cxd5 Ne6 20. dxe6 dxe6 21. Nf3 Rad8 22. Qe2 Bxf3 23. Qxf3 Rxd3 24. Qxd3 Rd8 25. Qxd8+ 1

[Event "Torneo Nuevo Centro. Jornada 11"]
[Site "Chess.com"]
[Date "2020.08.28"]
[Round "5"]
[White "Gukasov, Artem"]
[Black "Ortiz Benavent, Alba"]
[Result "1-0"]
[WhiteElo "1444"]
[BlackElo "1185"]
[TimeControl "180+2"]
[EndTime "11:18:59 PDT"]
[Termination "Victoria de ArtemGukasov por abandono"]

1. e4 e5 2. Nf3 Nc6 3. Bc4 Bc5 4. Nc3 d6 5. d3 Nf6 6. Be3 Bb6 7. O-O O-O 8. Bg5 Bg4 9. Nd5 Nd4 10. Nxf6+ gxf6 11. Bh6 Nxf3+ 12. gxf3 Bh3 13. Bxf8 Bxf1 14. Qxf1 Qxf8 15. Qg2+ Qg7 16. Qxg7+ Kxg7 17. Kg2 Rg8 18. Kf1 Kf8 19. c3 c6 20. b4 a6 21. a4 Rg5 22. b5 axb5 23.
axb5 f5 24. Ra8+ Ke7 25. Rb8 fxe4 26. dxe4 Rh5 27. Rxb7+ Kd8 28. Rxb6 cxb5 29. Bxb5 Rxh2 30. Rxd6+ Ke7 31. Rd5 f6 32. c4 Rh3 33. Ke2 h5 34. c5 h4 35. c6 Rh1 36. Rc5 Kd8 37.
c7+ Kc8 38. Ba6+ Kd7 39. c8=Q+ 1

[Event "Torneo Nuevo Centro. Jornada 11"]
[Site "Chess.com"]
[Date "2020.08.28"]
[Round "5"]
[White "Gimenez Saiz, Jose Raul"]
[Black "Lloret Ramis, Juan José"]
[Result "1/2-1/2"]
[WhiteElo "1830"]
[BlackElo "1987"]
[TimeControl "180+2"]
[EndTime "11:19:01 PDT"]
[Termination "Tablas por repeticiÃ³n"]

1. d4 d5 2. e3 e6 3. Bd3 Nf6 4.
Nd2 c5 5. c3 Nc6 6. f4 Bd6 7.
Ngf3 cxd4 8. cxd4 O-O 9. O-O b6 10. a3 Ne7 11. Ne5 Bb7 12. Qf3 Rc8 13. g4 Qc7 14. g5 Ne4 15. Nxe4 dxe4 16. Bxe4 Bxe4 17. Qxe4 Qc2 18. Qxc2 Rxc2 19. Nd3 Rfc8 20. e4 R8c4 21. Be3 Re2 22. Rae1 Rcc2 23. Rxe2 Rxe2 24. Re1 Rc2 25. Rc1 Re2 26. Re1 Rc2 27. Rc1 Re2 28.
Re1 1/2-1

[Event "Torneo Nuevo Centro. Jornada 11"]
[Site "Chess.com"]
[Date "2020.08.28"]
[Round "5"]
[White "Martin Ayala, David"]
[Black "Gil López, Alejandro"]
[Result "1-0"]
[WhiteElo "1888"]
[BlackElo "2198"]
[TimeControl "180+2"]
[EndTime "11:19:26 PDT"]
[Termination "Victoria de martinayala por jaque mate"]

1. e4 c5 2. Nc3 g6 3. f4 Bg7 4.
Nf3 Nc6 5. Bc4 e6 6. O-O Nge7 7. Qe1 O-O 8. f5 exf5 9. d3 fxe4 10. dxe4 a6 11.
a4 Nd4 12. Bg5 h6 13. Bxe7 Qxe7 14. Nd5 Qd6 15. Qd2 Rb8 16. c3 Nxf3+ 17. Rxf3 Qe5 18. a5 Qxe4 19. Re1 Qxc4 20. Ne7+ Kh7 21. Qd6 Ra8 22. Nxg6 fxg6 23. Rxf8 b5 24. Re7 Bb7 25. Rxg7+ Kxg7 26. Qe7+ Qf7 27. Qxf7# 1

[Event "Torneo Nuevo Centro. Jornada 11"]
[Site "Chess.com"]
[Date "2020.08.28"]
[Round "5"]
[White "Vidarte Morales, Arturo"]
[Black "Tormos Beltran, Maite"]
[Result "1-0"]
[WhiteElo "2206"]
[BlackElo "1474"]
[TimeControl "180+2"]
[EndTime "11:19:47 PDT"]
[Termination "Victoria de Arturo_Vidarte por abandono"]

1. c4 e5 2. Nc3 Nf6 3. g3 d5 4.
cxd5 Nxd5 5. Nf3 Nxc3 6. bxc3 Nc6 7. Bg2 Bd6 8. O-O O-O 9. d3 f5 10. Rb1 Qf6 11. a4 a6 12. Bg5 Qe6 13. Be3 f4 14. Bd2 Rf6 15. Qb3 Qxb3 16. Rxb3 Rb8 17. Ng5 Bd7 18.
Bd5+ Kh8 19. Nf7+ Rxf7 20. Bxf7 Rf8 21. Bd5 Bh3 22. Rxb7 Na5 23. Ra7 Bxf1 24. Kxf1 Rb8 25. Rxa6 Nb3 26. Bxb3 Rxb3 27. Ra8+ 1

[Event "Torneo Nuevo Centro. Jornada 11"]
[Site "Chess.com"]
[Date "2020.08.28"]
[Round "5"]
[White "Miranda Calvo, Max Rodrigo"]
[Black "Alvarez Usina, Joan"]
[Result "1-0"]
[WhiteElo "1303"]
[BlackElo "388"]
[TimeControl "180+2"]
[EndTime "11:19:59 PDT"]
[Termination "Victoria de bas-max-miranda por abandono"]

1. e4 e5 2. Nf3 Nc6 3. Bc4 Bc5 4. c3 d6 5. h3 Nf6 6. d3 O-O 7. Bg5 h6 8. Bh4 g5 9. Bg3 Nh5 10. Bh2 Qf6 11. O-O Nf4 12. Bxf4 exf4 13. Nbd2 h5 14. Nh2 g4 15. hxg4 hxg4 16. Nxg4 Qh4 17. Nh2 Ne5 18.
Ndf3 Nxf3+ 19. Nxf3 Qh5 20. d4 Kg7 21. dxc5 Rh8 22. Qd4+ f6 23. Nh4 Qxh4 24. f3 Qh2+ 25. Kf2 Qg3+ 26. Ke2 Qxg2+ 27. Qf2 Rh2 28. Rg1 Qxg1 29.
Rxg1+ Kf8 30. Qxh2 1

[Event "Torneo Nuevo Centro. Jornada 11"]
[Site "Chess.com"]
[Date "2020.08.28"]
[Round "5"]
[White "Blanco Solaz, Ramón"]
[Black "Marques Montolio, Luis"]
[Result "1-0"]
[WhiteElo "1959"]
[BlackElo "1471"]
[TimeControl "180+2"]
[EndTime "11:20:15 PDT"]
[Termination "Victoria de Rbs77 por jaque mate"]

1. e4 d5 2. exd5 Qxd5 3. Nc3 Qa5 4. Bc4 c6 5. d4 Bf5 6. Nf3 e6 7.
O-O Nf6 8. Bd2 Qc7 9. Bb3 Bd6 10. Qe2 O-O 11. Ne5 Nbd7 12. f4 Nd5 13. Ne4 a5 14. c4 Bxe5 15. fxe5 Ne7 16. Nd6 c5 17. d5 a4 18. Bd1 Bg6 19. Bg5 Nf5 20. Nxf5 exf5 21.
Be7 Rfe8 22. d6 Qc6 23. Bc2 b6 24. Bxf5 Bxf5 25. Rxf5 Nf8 26. Raf1 Ng6 27. Rxf7 Ra7 28. h4 Nxh4 29. e6 Raxe7 30. dxe7 Qc7 31. Rf8+ Rxf8 32.
Rxf8# 1

[Event "Torneo Nuevo Centro. Jornada 11"]
[Site "Chess.com"]
[Date "2020.08.28"]
[Round "5"]
[White "Ursariu, Nikolas Victor"]
[Black "Hernández Tomás, Efrén"]
[Result "0-1"]
[WhiteElo "1162"]
[BlackElo "1128"]
[TimeControl "180+2"]
[EndTime "11:20:17 PDT"]
[Termination "Victoria de EfrenHT10 por jaque mate"]

1. e4 e5 2. Nf3 Nf6 3. Nxe5 Qe7 4. Nf3 Nxe4 5. Qe2 Nf6 6. Qxe7+ Bxe7 7. Bc4 Nc6 8. Nc3 Nb4 9. Kd1 d5 10. Bb3 Be6 11. a3 Ng4 12. Rf1 d4 13. Bxe6 fxe6 14. axb4 dxc3 15. dxc3 O-O-O+ 16. Ke2 a6 17. h3 Nf6 18.
Re1 Rd6 19. Kf1 Nd5 20. Be3 Nxe3+ 21. fxe3 Bf6 22. Red1 Rxd1+ 23. Rxd1 Rd8 24. Ke2 Rxd1 25. Kxd1 e5 26. Kd2 e4 27. Nd4 Bxd4 28. cxd4 Kd7 29. Ke2 Kd6 30. Kf2 Kd5 31. b3 c6 32. c4+ Ke6 33. Kg3 Kf5 34. Kf2 b6 35. g4+ Kg5 36.
Kg3 h5 37. h4+ Kg6 38. Kf4 hxg4 39. Kxg4 Kh6 40. Kg3 Kh5 41. Kh3 g5 42. hxg5 Kxg5 43.
Kg3 Kf5 44. b5 axb5 45. cxb5 cxb5 46. d5 Ke5 47. d6 Kxd6 48. Kf4 Kd5 49. b4 Kc4 50.
Kxe4 Kxb4 51. Kf5 Ka4 52. e4 b4 53. e5 b3 54. e6 b2 55. e7 b1=Q+ 56. Kf6 Qe1 57. Kf7 Qxe7+ 58. Kxe7 b5 59. Kd6 b4 60. Kd5 b3 61. Kc4 b2 62. Kc3 b1=Q 63. Kc4 Qb4+ 64. Kd5 Kb5 65. Ke6 Qe4+ 66. Kd7 Qg6 67. Kd8 Qf7 68. Kc8 Kc6 69. Kb8 Qb7# 0

[Event "Torneo Nuevo Centro. Jornada 11"]
[Site "Chess.com"]
[Date "2020.08.28"]
[Round "5"]
[White "Pardo Ruiz, Carlos"]
[Black "Aguado, Pablo Luis"]
[Result "0-1"]
[WhiteElo "1700"]
[BlackElo "1923"]
[TimeControl "180+2"]
[EndTime "11:20:21 PDT"]
[Termination "Victoria de PLAD_2006 por jaque mate"]

1. e4 e5 2. Nf3 Nf6 3. Nxe5 d6 4. Nf3 Nxe4 5. Nc3 Nxc3 6. bxc3 Be7 7. Bc4 O-O 8. h3 Nd7 9. O-O Nf6 10. d4 d5 11. Bd3 c6 12. Ne5 h6 13. Bf4 Bd6 14. Qd2 Nd7 15. Nxd7 Qxd7 16. Bxd6 Qxd6 17. Rfe1 Bd7 18.
Rab1 b6 19. c4 Rfe8 20. cxd5 Qxd5 21. a3 Kh8 22. c3 Rad8 23. Rxe8+ Rxe8 24. Re1 Rxe1+ 25. Qxe1 Be6 26. Qe4 Qxe4 27. Bxe4 Bd5 28. Bxd5 cxd5 29.
f4 Kh7 30. g4 Kg6 31. Kf2 Kf6 32. Ke2 Ke6 33. Kd2 g6 34. h4 h5 35. gxh5 gxh5 36. Ke3 Kf5 37. Kf3 b5 38. Ke3 Kg4 39. Kd3 Kxf4 40.
Kc2 Ke3 41. Kb3 f5 42. Kb4 f4 43. Kxb5 f3 44. Ka6 f2 45. a4 f1=Q+ 46. Kxa7 Qc4 47.
a5 Qxc3 48. a6 Qxd4+ 49. Ka8 Qxh4 50. a7 Qd8+ 51. Kb7 Qd7+ 52. Kb8 Qxa7+ 53. Kxa7 d4 54. Kb6 d3 55. Kc5 d2 56. Kb4 d1=Q 57. Kb5 Qc2 58. Kb4 Kd4 59. Kb5 Qc4+ 60. Kb6 Kd5 61. Kb7 Qc5 62. Ka8 Qb5 63. Ka7 Kc6 64. Ka8 Qb7# 0

[Event "Torneo Nuevo Centro. Jornada 11"]
[Site "Chess.com"]
[Date "2020.08.28"]
[Round "5"]
[White "Bosch Jordà, Ricard"]
[Black "Chofre Murcia, Adrián"]
[Result "1-0"]
[WhiteElo "1918"]
[BlackElo "1630"]
[TimeControl "180+2"]
[EndTime "11:20:21 PDT"]
[Termination "Victoria de UltimateLimo por jaque mate"]

1. e4 e5 2. Nf3 Nc6 3. Bb5 Nf6 4.
O-O Bc5 5. c3 d6 6. h3 Bd7 7. d4 exd4 8. cxd4 Bb4 9. Bg5 O-O 10.
Nc3 Bxc3 11. bxc3 h6 12. Bh4 a6 13. Ba4 b5 14. Bc2 Re8 15. Re1 g5 16. Nxg5 hxg5 17. Bxg5 Kg7 18. Qd3 Rh8 19. e5 dxe5 20. dxe5 Nxe5 21.
Rxe5 Bc6 22. Qg3 Nh5 23. Qg4 Qd7 24. Bh6+ Kf6 25. Qg5# 1

[Event "Torneo Nuevo Centro. Jornada 11"]
[Site "Chess.com"]
[Date "2020.08.28"]
[Round "5"]
[White "Fente Fernandez, Jose Ignacio"]
[Black "Bascuñana Sánchez, Pablo"]
[Result "1/2-1/2"]
[WhiteElo "1560"]
[BlackElo "1672"]
[TimeControl "180+2"]
[EndTime "11:20:50 PDT"]
[Termination "Tablas por rey ahogado"]

1. d4 g6 2. c4 Nf6 3. Nf3 Bg7 4. g3 O-O 5. Bg2 d6 6. O-O Be6 7. d5 Bc8 8. Nc3 c6 9. e4 cxd5 10. cxd5 e6 11. dxe6 fxe6 12. Bg5 b6 13. e5 dxe5 14. Nxe5 Qxd1 15. Raxd1 h6 16. Nxg6 hxg5 17. Nxf8 Bxf8 18. Bxa8 a6 19. Rd8 Bb7 20. Bxb7 Nbd7 21. Bc8 Nc5 22. Re1 Kf7 23. f4 gxf4 24. gxf4 Bh6 25. f5 exf5 26.
Bxf5 Nb7 27. Rb8 Nd6 28. Bh3 b5 29. Ra8 Bd2 30. Ra7+ Kg6 31. Rf1 Bxc3 32. bxc3 Nc4 33. Rxa6 Nd2 34. Rd1 Ne4 35. Bf5+ Kg5 36. Bxe4 Nxe4 37.
Rd5+ Kf4 38. Rxb5 Nxc3 39. Rb4+ Ne4 40. Raa4 Kf3 41. Rxe4 1/2-1

[Event "Torneo Nuevo Centro. Jornada 11"]
[Site "Chess.com"]
[Date "2020.08.28"]
[Round "5"]
[White "Serrano Requena, Guillem"]
[Black "Rabbani Perez, Oumaima "]
[Result "1-0"]
[WhiteElo "1322"]
[BlackElo "725"]
[TimeControl "180+2"]
[EndTime "11:20:50 PDT"]
[Termination "Victoria de Guily351 por tiempo"]

1. d4 d5 2. Nf3 e6 3. c4 Nf6 4. cxd5 Nxd5 5. Nc3 Nf4 6. Bxf4 Nc6 7. Nb5 Rb8 8. Bxc7 Qd7 9. Bxb8 Nxb8 10. e3 a6 11. Nc3 Nc6 12. a3 Bd6 13. Bd3 b5 14. O-O e5 15. dxe5 Nxe5 16. Nxe5 Bxe5 17. Qc2 Bc7 18.
Bxh7 Qd6 19. g3 Bb7 20. Ne4 Qc6 21. Qxc6+ Bxc6 22. Ng5 Be5 23. Be4 Bxe4 24. Nxe4 Bxb2 25. Ra2 Be5 26. Rc1 Bd6 27. Rc8+ Ke7 28. Rxh8 b4 29.
axb4 Bxb4 30. Rxa6 f5 31. Ng5 f4 32. exf4 g6 33. Rxg6 Bd6 34. Rh7+ Kf8 35. Ne6+ 1

[Event "Torneo Nuevo Centro. Jornada 11"]
[Site "Chess.com"]
[Date "2020.08.28"]
[Round "5"]
[White "Macias Pino, Diego"]
[Black "Yuste Valenzuela, Alejandro"]
[Result "1-0"]
[WhiteElo "2257"]
[BlackElo "1879"]
[TimeControl "180+2"]
[EndTime "11:21:02 PDT"]
[Termination "Victoria de adivinaquiensoy por abandono"]

1. d4 Nf6 2. Nf3 g6 3. Bf4 Bg7 4. c3 O-O 5. Nbd2 d5 6. e3 c6 7.
Bd3 Nbd7 8. O-O Nb6 9. e4 dxe4 10. Nxe4 Nxe4 11. Bxe4 Nd5 12. Bd2 Re8 13. Re1 Be6 14.
b3 b5 15. Bc2 Nb6 16. Rxe6 fxe6 17. Ng5 Qd7 18. Nxh7 Nd5 19. Bxg6 Red8 20. Qh5 Nf6 21. Nxf6+ exf6 22. Re1 e5 23. Bc1 exd4 24. Qh7+ Kf8 25. Ba3+ b4 26. Bxb4+ 1

[Event "Torneo Nuevo Centro. Jornada 11"]
[Site "Chess.com"]
[Date "2020.08.28"]
[Round "5"]
[White "Gutierrez Lacambra, Jose Antonio"]
[Black "Perrot, Fabien "]
[Result "0-1"]
[WhiteElo "1365"]
[BlackElo "1172"]
[TimeControl "180+2"]
[EndTime "11:21:05 PDT"]
[Termination "Victoria de InspiredMinds por tiempo"]

1. d4 d5 2. Bf4 Nf6 3. Nf3 Bf5 4. h3 e6 5. g4 Be4 6. Nbd2 Bd6 7. Nxe4 dxe4 8. Ne5 Bxe5 9. dxe5 Qxd1+ 10. Rxd1 Nd5 11. Bg3 O-O 12. a3 Nd7 13. Bg2 Rad8 14.
Bxe4 Nc5 15. Bg2 a5 16. c4 Nb6 17. b4 Rxd1+ 18. Kxd1 axb4 19. axb4 Na6 20. Bxb7 Nxb4 21.
c5 Rd8+ 22. Kc1 Nc4 23. Rd1 Na2+ 24. Kc2 Na3+ 25. Kb3 Rxd1 26. Kxa3 Nc3 27. f4 Nxe2 28. Bf3 Rd2 0

[Event "Torneo Nuevo Centro. Jornada 11"]
[Site "Chess.com"]
[Date "2020.08.28"]
[Round "5"]
[White "Cayon Pelaez, Pablo"]
[Black "Castellano López, Javier"]
[Result "1-0"]
[WhiteElo "1768"]
[BlackElo "1929"]
[TimeControl "180+2"]
[EndTime "11:21:27 PDT"]
[Termination "Victoria de Ataquedefinitivo por tiempo"]

1. d4 Nf6 2. Nf3 d5 3. Bf4 e6 4. e3 Bd6 5. Bg3 O-O 6. c4 c6 7.
Nc3 b6 8. Qc2 Bb7 9. cxd5 cxd5 10. Bd3 Na6 11. a3 Rc8 12. O-O Bxg3 13. hxg3 Ne4 14. Rac1 Nxc3 15. bxc3 Nb8 16. Bxh7+ Kh8 17. Bd3 Nd7 18. Qe2 g6 19. Nd2 Kg7 20. f4 Nf6 21.
g4 Rh8 22. f5 Ne4 23. Bxe4 dxe4 24. fxe6 fxe6 25. Qf2 Qe7 26. Qg3 Qg5 27. Rf4 Rcf8 28. Rcf1 Rxf4 29. Rxf4 Rc8 30. Qf2 Qe7 31. g5 Rxc3 32. Nxe4 Bxe4 33. Rxe4 Rc1+ 34. Kh2 Qxg5 35.
Qh4 Qf5 36. Rf4 1

[Event "Torneo Nuevo Centro. Jornada 11"]
[Site "Chess.com"]
[Date "2020.08.28"]
[Round "5"]
[White "Fenollar Jorda, Manolo"]
[Black "Garcia, Jhoel"]
[Result "1-0"]
[WhiteElo "2479"]
[BlackElo "2380"]
[TimeControl "180+2"]
[EndTime "11:21:52 PDT"]
[Termination "Victoria de Cucudrulu por abandono"]

1. d4 Nf6 2. Nf3 e6 3. e3 b6 4. Bd3 Bb7 5. Nbd2 d5 6. O-O Bd6 7. c3 Nbd7 8. Qe2 c5 9. e4 dxe4 10. Nxe4 Be7 11. Rd1 Qc7 12. Bg5 O-O 13. Bh4 Nd5 14. Bg3 Qc8 15. Bb5 Rd8 16. Nd6 Bxd6 17. Bxd6 a6 18. Ba4 N7f6 19. dxc5 bxc5 20. Be5 Nh5 21. Ng5 Nhf4 22. Qg4 Ng6 23. Bg3 Nf6 24. Qe2 h6 25. Nf3 Rxd1+ 26. Rxd1 Bc6 27. Bc2 Bd5 28. c4 Bxf3 29. Qxf3 Ne7 30. Bh4 Nf5 31. Bxf6 gxf6 32. Bxf5 exf5 33. Rd5 Qe6 34. g3 Qe1+ 35. Kg2 Qe4 36.
Rxf5 Qxf3+ 37. Kxf3 Rb8 38. b3 Rc8 39. Rxf6 a5 40. Rxh6 Ra8 41. Rc6 a4 42. Rxc5 a3 43. Rb5 Kg7 44. Rb4 Kf6 45. Ra4 Rd8 46. Rxa3 Kf5 47.
Ra5+ 1

[Event "Torneo Nuevo Centro. Jornada 11"]
[Site "Chess.com"]
[Date "2020.08.28"]
[Round "5"]
[White "Birnoveanu, Petru"]
[Black "Pedros Viudes, Santiago"]
[Result "1-0"]
[WhiteElo "1717"]
[BlackElo "1910"]
[TimeControl "180+2"]
[EndTime "11:22:09 PDT"]
[Termination "Victoria de piculet por tiempo"]

1. e4 e6 2. Nf3 d5 3. Nc3 c5 4.
exd5 exd5 5. Bb5+ Nc6 6. d4 Nf6 7. Bg5 Be7 8. dxc5 O-O 9. O-O Bg4 10. h3 Bxf3 11. Qxf3 h6 12. Bxf6 Bxf6 13. Nxd5 Bxb2 14. Bxc6 Bxa1 15. Bxb7 Rb8 16. c6 Be5 17. c4 Qa5 18. Qe2 Bd6 19. Qc2 Qc5 20. a4 f6 21. Rd1 Rf7 22. Qd3 Rbxb7 23. cxb7 Rxb7 24. Nxf6+ gxf6 25. Qxd6 Qxc4 26. Qd8+ Kg7 27. Rd7+ Rxd7 28. Qxd7+ Kf8 29.
Qxa7 Qc1+ 30. Kh2 Qf4+ 31. g3 Qe4 32. a5 Qe2 33. Qb6 Kf7 34. a6 Qf3 35. a7 Kg6 36. h4 h5 37. Qd4 Qb7 38. Qe3 Kg7 39. Qd4 Kg6 40. g4 1

[Event "Torneo Nuevo Centro. Jornada 11"]
[Site "Chess.com"]
[Date "2020.08.28"]
[Round "5"]
[White "Perez Garcia, Jose Miguel"]
[Black "Gutierrez Marco, Dario"]
[Result "1/2-1/2"]
[WhiteElo "2027"]
[BlackElo "1834"]
[TimeControl "180+2"]
[EndTime "11:22:26 PDT"]
[Termination "Tablas por repeticiÃ³n"]

1. d4 Nf6 2. c4 c5 3. d5 e6 4. f3 exd5 5. cxd5 d6 6. e4 g6 7. Nc3 Bg7 8. Bg5 O-O 9. Qd2 a6 10. a4 Nbd7 11. Bd3 Qc7 12. Nge2 Re8 13. O-O Ne5 14.
Ng3 Nxd3 15. Qxd3 Bd7 16. a5 b5 17. axb6 Qxb6 18. Qd2 Reb8 19. Rfb1 a5 20. Nh1 a4 21. Nf2 Qc7 22. Nfd1 Rb3 23. Ra2 a3 24. bxa3 Rbxa3 25.
Rxa3 Rxa3 26. Qb2 Ra8 27. Qb7 Qxb7 28. Rxb7 Ra1 29. Rb8+ Ne8 30. Kf2 Bd4+ 31. Be3 Kg7 32. Rd8 Ra7 33. Bxd4+ cxd4 34. Ne2 d3 35. Nec3 Nf6 36.
Ke3 Ra3 37. Kxd3 Bb5+ 38. Kc2 Bf1 39. g3 Bg2 40. Rxd6 Bxf3 41. e5 Ne4 42. Rd7 Nxc3 43. Nxc3 Ra5 44. e6 Kh6 45. Rxf7 Bxd5 46. Re7 Bc4 47.
Re8 Re5 48. e7 Bf7 49. Rf8 Rxe7 50. Kd3 Rd7+ 51. Ke3 Kg7 52. Rb8 Re7+ 53. Kd4 Rd7+ 54. Ke3 Re7+ 55. Kf2 Rc7 56. Ne2 Rc2 57. Ke3 Ra2 58.
Rb7 Ra3+ 59. Kf2 Ra2 60. Ke3 Ra3+ 61. Kf2 Ra2 62. Ke3 1/2-1

[Event "Torneo Nuevo Centro. Jornada 11"]
[Site "Chess.com"]
[Date "2020.08.28"]
[Round "5"]
[White "Roca Cruz, Rafael"]
[Black "Carbonell Bofill, Carlos Eloy"]
[Result "1/2-1/2"]
[WhiteElo "1810"]
[BlackElo "1912"]
[TimeControl "180+2"]
[EndTime "11:22:35 PDT"]
[Termination "Tablas por repeticiÃ³n"]

1. d4 Nf6 2. c4 g6 3. Nc3 d5 4.
cxd5 Nxd5 5. Bd2 Bg7 6. e4 Nb6 7. Be3 O-O 8. h3 Nc6 9. Nf3 f5 10. e5 f4 11. Bc1 h6 12. b3 g5 13. Bb2 Bf5 14. a3 e6 15. Bd3 Bxd3 16. Qxd3 Qd7 17. Qg6 Ne7 18. Qe4 Nbd5 19. O-O Rad8 20. Rfd1 c6 21. Rac1 Nf5 22. Nxd5 exd5 23. Qe2 Rde8 24. Nh2 Re6 25. Ng4 Nh4 26. Qd3 h5 27. Nh2 Rh6 28. Nf3 Nxf3+ 29. Qxf3 g4 30. Qd3 gxh3 31. Qxh3 Qxh3 32.
gxh3 f3 33. Kh2 Rf4 34. Rg1 Kf7 35. Rg3 h4 36. Rg4 Rxg4 37. hxg4 Kg6 38. Rc3 Kg5 39.
Bc1+ Kxg4 40. Bxh6 Bxh6 41. Re3 Bxe3 42. fxe3 Kf5 43.
b4 b5 44. Kh3 Ke6 45. Kh2 Kf5 46. Kh3 Ke6 47. Kh2 Kf5 1/2-1

[Event "Torneo Nuevo Centro. Jornada 11"]
[Site "Chess.com"]
[Date "2020.08.28"]
[Round "5"]
[White "Beneyto de Ramon, Guillermo"]
[Black "Martínez Escandell, Alfonso"]
[Result "1/2-1/2"]
[WhiteElo "1653"]
[BlackElo "1910"]
[TimeControl "180+2"]
[EndTime "11:22:54 PDT"]
[Termination "Tablas por rey ahogado"]

1. c4 c5 2. Nc3 g6 3. g3 Bg7 4. Bg2 e6 5. d3 Ne7 6. Nf3 O-O 7. O-O Nbc6 8. Bf4 a6 9. a3 d5 10. cxd5 Nxd5 11. Nxd5 exd5 12. Rb1 Be6 13. b4 cxb4 14. axb4 Qc8 15. d4 Re8 16. Ne5 Nxe5 17. dxe5 Bf8 18. Rc1 Qd7 19. Qb3 Rac8 20. Rxc8 Rxc8 21. Qd3 Bxb4 22.
Rd1 Rd8 23. Bg5 Be7 24. Bxe7 Qxe7 25. e4 Bc8 26. exd5 Qxe5 27. Qc2 Bf5 28. Qc1 Qd6 29. h3 h5 30. Qg5 Re8 31. Qf4 Qxf4 32. gxf4 Rd8 33. d6 Kf8 34. Bxb7 a5 35. Kg2 Kg7 36. Bc6 Kf6 37. d7 Ke7 38. Re1+ Kd6 39. Re8 Kc7 40.
Rxd8 Kxd8 41. Bd5 f6 42. Bf7 Kxd7 43. Ba2 Kd6 44. h4 Be6 45. Bb1 Bf7 46. Kf3 a4 47. Ke4 a3 48. f5 g5 49. hxg5 fxg5 50. f4 g4 51. Ke3 a2 52. Bxa2 Bxa2 53. Kf2 Ke7 54.
Kg3 Kf6 55. Kh4 Kxf5 56. Kg3 Bf7 57. Kh4 Kxf4 1/2-1

[Event "Torneo Nuevo Centro. Jornada 11"]
[Site "Chess.com"]
[Date "2020.08.28"]
[Round "5"]
[White "Yatseta Fernandez, Marc Kazymyr"]
[Black "Bercaru, Vlad Ionut"]
[Result "0-1"]
[WhiteElo "1503"]
[BlackElo "1744"]
[TimeControl "180+2"]
[EndTime "11:22:54 PDT"]
[Termination "Victoria de Rata29 por abandono"]

1. d4 Nf6 2. c4 g6 3. g3 Bg7 4.
Nf3 O-O 5. Bg2 d6 6. O-O Nc6 7.
Be3 a6 8. Nbd2 Rb8 9. a4 Re8 10.
Qc2 Bf5 11. Qc1 Nd7 12. Nh4 e6 13. Nxf5 exf5 14. Nf3 Nf6 15. Nd2 Ne4 16. Nxe4 fxe4 17. Rd1 Kh8 18. Qc2 f5 19. g4 Qd7 20. g5 Rf8 21.
Bf4 Nxd4 22. Qd2 Nb3 23. Qc2 Nxa1 24. Rxa1 Rbd8 25. Rd1 Qf7 26. f3 exf3 27. Bxf3 Be5 28. Bd5 Qe7 29. e3 Bxf4 30. exf4 c6 31. Bg2 Qe3+ 32. Kh1 Qxf4 33. Re1 Qxg5 34. Qc3+ Qf6 35. Qe3 Kg7 36. Qb6 Rd7 37. c5 d5 38. Qb3 Re7 39.
Qd1 Rfe8 40. Rxe7+ Rxe7 41. h3 Qe5 42. Qc2 Qe1+ 43.
Kh2 Qe5+ 44. Kh1 Qg3 45. Qc3+ Qxc3 46. bxc3 Re3 47. Kg1 Rxc3 0